 Dungeon Crawl Stone Soup version 0.31-a0-174-g85c54bcb58 (webtiles) character file.

Game seed: 12757006450405362689

75 Moral the Sneak (level 4, 0/40 HPs)
             Began as a Naga Brigand on June 15, 2023.
             Was an Initiate of Cheibriados.
             Slain by an ogre
             ... wielding a +0 giant club
              (19 damage)
             ... on level 4 of the Dungeon.
             The game lasted 00:07:45 (2798 turns).

Moral the Sneak (Naga Brigand)                      Turns: 2798, Time: 00:07:45

Health: 0/40       AC:  4    Str: 14    XL:     4   Next: 31%
Magic:  4/4        EV: 10    Int: 13    God:    Cheibriados [......]
Gold:   192        SH:  0    Dex: 15    Spells: 3/3 levels left

rFire   . . .        a - +2 dagger
rCold   . . .        (no shield)
rNeg    . . .        b - +1 robe
rPois   +            (no helmet)
rElec   .            c - +0 cloak
rCorr   .            (no gloves)
SInv    +            (no barding)
Will    .....        (no amulet)
Stlth   ++++         h - ring of flight
HPRegen 0.26/turn    q - ring of poison resistance
MPRegen 0.09/turn

%: no passive effects
@: flying, very slow
A: AC +1, large, see invisible, deformed body, poison resistance, slowness 2,
spit poison 1, naga tail 1
a: Spit Poison, Renounce Religion


You were on level 4 of the Dungeon.
You worshipped Cheibriados.
Cheibriados was noncommittal.
You visited 2 branches of the dungeon, and saw 5 of its levels.

You collected 192 gold pieces.

Inventory:

Hand Weapons
 a - a +2 dagger (weapon)
Armour
 b - a +1 robe (worn)
 c - a +0 cloak (worn)
Jewellery
 h - a ring of flight (left hand)
 q - a ring of poison resistance (right hand)
Scrolls
 k - a scroll of identify
 l - a scroll of torment {unknown}
 m - a scroll of immolation {unknown}
 o - 2 scrolls of teleportation
Potions
 d - a potion of lignification {unknown}
 e - 2 potions of enlightenment
 f - a potion of might
 g - a potion of cancellation {unknown}
 i - a potion of brilliance {unknown}
 j - a potion of haste {unknown}
 n - 2 potions of curing {unknown}
 p - 2 potions of heal wounds {unknown}
 r - 2 potions of degeneration {unknown}


   Skills:
 + Level 2.6 Fighting
 + Level 2.6 Short Blades
 - Level 1.8 Throwing
 + Level 1.5 Dodging
 * Level 7.0 Stealth


You had 3 spell levels left.
You didn't know any spells.
Your spell library contained the following spells:

 Spells                   Type           Power      Damage    Failure   Level
 Beastly Appendage        Tmut           0%         N/A       30%         1
 Wereblood                Tmut           0%         N/A       43%         2
 Spider Form              Tmut/Pois      0%         N/A       67%         3


Dungeon Overview and Level Annotations

Branches:
Dungeon (4/15)             Temple (1/1) D:4

Altars:
Cheibriados
Nemelex Xobeh
Qazlal


Innate Abilities, Weirdness & Mutations

Your serpentine skin is tough. (AC +1)
You have supernaturally acute eyesight. (SInv)
Armour fits poorly on your strangely shaped body.
Your system is resistant to poisons. (rPois)
You cover ground very slowly.
You can spit poison.
You have a snake-like lower body.


Message History

Found a staircase to the Ecumenical Temple.
Found a pair of boots and a sling.
Found a scroll of teleportation.
Found a leather armour.
A quokka comes into view.
You see here 2 smoky black potions.
r - 2 smoky black potions
Found a stone staircase leading down.
There is a staircase to the Ecumenical Temple here.
Press: ? - help, v - describe, . - travel Some shallow water.
There is a cloud of thin mist here.
You fly downwards.
Welcome to the Ecumenical Temple!
Found a snail-covered altar of Cheibriados and a stormy altar of Qazlal.
There is a staircase back to the Dungeon here.
There is a snail-covered altar of Cheibriados here.
You hover solemnly before the altar of Cheibriados.
Cheibriados welcomes you!
Cheibriados begins to support your attributes as your movement slows.
Cheibriados is now slowing the effects of poison on you.
There is a staircase back to the Dungeon here.
There is a staircase back to the Dungeon here.
You fly upwards.
Welcome back to the Dungeon!
There is a staircase to the Ecumenical Temple here.
o - 2 scrolls of teleportation (gained 1)
A quokka is nearby!
A quokka is nearby!
Found a rapier.
Found 17 gold pieces.
Found a scroll of fear.
An ogre comes into view. It is wielding a +0 giant club.
You see here a +0 sling.
The ogre shouts!
The quokka bites you. The ogre hits you with a +0 giant club!
The quokka bites you.
You hit the ogre.
The ogre is lightly wounded.
The quokka barely misses you.
The ogre hits you with a +0 giant club!!
You die...

. ##. #.....##...
......##..####...#.##.##
............##...#.#..~~
............#........§~§
....................~§§~
......##...........#~§~>
.....$.#..#.........~§~~
##..................§~~§
......O@.)...#....[...~~
......r###...#..........
...?.........#..[.......
........................
#.........###...........
#.....)... ####........
.......### ...##..
....... ......# ##.
......


You could see an ogre and a quokka.

Vanquished Creatures
  2 adders (D:2)
  2 worms (D:2)
  2 orcs (D:3)
  8 ball pythons
  6 bats
  5 endoplasms
  A giant cockroach (D:1)
  4 goblins
  A hobgoblin (D:1)
  3 jackals (D:2)
  7 frilled lizards
  3 kobolds
  4 rats
48 creatures vanquished.

Notes
Turn   | Place    | Note
-------+----------+-------------------------------------------
     0 | D:1      | Moral the Naga Brigand began the quest for the Orb.
     0 | D:1      | Reached XP level 1. HP: 19/19 MP: 1/1
   355 | D:1      | Reached skill level 6 in Stealth
   367 | D:1      | Found a faded altar of an unknown god.
   415 | D:1      | Reached skill level 1 in Dodging
   415 | D:1      | Reached XP level 2. HP: 26/26 MP: 2/2
   978 | D:1      | You fall into a shaft and drop 1 floor!
  1059 | D:2      | Reached XP level 3. HP: 25/33 MP: 3/3
  1699 | D:2      | Reached XP level 4. HP: 40/40 MP: 4/4
  1958 | D:3      | Reached skill level 7 in Stealth
  2250 | D:3      | Found a sparkling altar of Nemelex Xobeh.
  2356 | D:3      | You fall into a shaft and drop 1 floor!
  2745 | D:4      | Found a staircase to the Ecumenical Temple.
  2769 | Temple   | Entered the Ecumenical Temple
  2772 | Temple   | Became a worshipper of Cheibriados the Contemplative
  2795 | D:4      | Noticed an ogre
  2798 | D:4      | Slain by an ogre

Illustrated notes

Levels and vault maps discovered:
D:1:      dpeg_arrival_fog, layout_loops_corners,
          hellmonk_ecumenical_altar_leap_of_faith, due_unseen_surprise
D:2:      layout_loops_cross, serial_bayou_crossing
D:3:      layout_loops_corners, general_overflow_altar
D:4:      layout_cave_pools, minmay_temple_entry_mist
Temple:   nicolae_temple_hex_pool

Skill      XL: |  1  2  3  4 |
---------------+-------------+-----
Stealth        | 6 7 |  7.0
Dodging        | 1 |  1.5
Fighting       | |  2.6
Short Blades   | |  2.6
Throwing       | |  1.8

Action                     |  1- 3 |  4- 6 || total
---------------------------+-------+-------++-------
  Melee: Dagger            |   106 |    42 ||   148
         Punch             |     1 |     1 ||     2
Ability: Spit Poison       |     1 |       ||     1
    Use: Scroll            |     6 |       ||     6
   Stab: Sleeping          |    11 |     1 ||    12
 Armour: Robe              |    62 |    34 ||    96
  Dodge: Dodged            |    86 |    43 ||   129

Table legend: (Time is in decaauts)
 A = Elapsed time spent in this place.
 B = Non-inter-level travel time spent in this place.
 C = Inter-level travel time spent in this place.
 D = Time resting spent in this place.
 E = Time spent auto-exploring this place.
 F = Levels seen in this place.
 G = Mean time per level.
                   A        B        C        D        E       F      G
               +--------+--------+--------+--------+--------+-----+--------+
         Total |   3683 |   3664 |     19 |    199 |   2596 |   5 |  736.6 |
       Dungeon |   3670 |   3651 |     19 |    199 |   2596 |   4 |  917.5 |
        Temple |     12 |     12 |      0 |      0 |      0 |   1 |   12.0 |
               +--------+--------+--------+--------+--------+-----+--------+

Top non-repeatable levels by time:
     D:1: 1269 daAuts
     D:3: 1245 daAuts
     D:2: 1043 daAuts
     D:4: 111 daAuts
  Temple: 12 daAuts
